 Dungeon Crawl Stone Soup version 0.21-a0-338-g36cf2fc (webtiles) character file.

140 Hasart the Magician (level 5, -1/28 HPs)
             Began as a Kobold Wizard on Oct 3, 2017.
             Was an Initiate of Vehumet.
             Slain by Pikel
             ... wielding a +0 whip of flaming
              (7 damage)
             ... on level 4 of the Dungeon.
             The game lasted 00:06:29 (2809 turns).

Hasart the Magician (Kobold Wizard)                 Turns: 2809, Time: 00:06:30

Health: -1/28      AC:  4    Str:  4    XL:     5   Next: 46%
Magic:  5/11       EV: 15    Int: 21    God:    Vehumet [......]
Gold:   76         SH:  0    Dex: 13    Spells: 4/12 levels left

rFire    . . .     SeeInvis .   n - +2 short sword (venom)
rCold    . . .     Gourm    .   (shield restricted)
rNeg     . . .     Faith    +   a - +0 robe
rPois    .         Spirit   .   g - +1 helmet
rElec    .         Reflect  .   (no cloak)
rCorr    +         Harm     .   (no gloves)
MR       .....                  (no boots)
Stlth    ++........             j - amulet of faith
HPRegen  0.09/turn              b - ring of resist corrosion
MPRegen  0.12/turn              (no ring)

@: very slightly contaminated
A: carnivore 3
a: Renounce Religion


You were on level 4 of the Dungeon.
You worshipped Vehumet.
Vehumet was noncommittal.
You were very full.

You visited 1 branch of the dungeon, and saw 4 of its levels.

You collected 76 gold pieces.

Inventory:

Hand Weapons
 n - a +2 short sword of venom (weapon)
 t - a +4 dagger
Armour
 a - a +0 robe (worn)
 g - a +1 helmet (worn)
Jewellery
 b - a ring of resist corrosion (left hand)
 j - an amulet of faith (around neck)
Scrolls
 e - a scroll of identify {unknown}
 f - a scroll of fear {unknown}
 h - a scroll of enchant armour {unknown}
 i - a scroll of blinking {unknown}
 l - 3 scrolls of remove curse {unknown}
 m - a scroll of amnesia {unknown}
 u - a scroll of immolation {unknown}
Potions
 o - a potion of resistance {unknown}
 p - 2 potions of ambrosia {unknown}
 q - a potion of lignification {unknown}
 r - a potion of heal wounds {unknown}
 s - a potion of haste {unknown}
Books
 c - a book of Minor Magic

   Spells                             Type                      Level
   a - Magic Dart                     Conjuration                  1
   b - Blink                          Translocation                2
   c - Call Imp                       Summoning                    2
   d - Slow                           Hexes                        2
   e - Conjure Flame                  Conjuration/Fire             3
   f - Mephitic Cloud                 Conjuration/Poison/Air       3
Comestibles
 d - 2 meat rations
 k - a royal jelly


   Skills:
 - Level 2.4 Dodging
 - Level 2.6 Stealth
 + Level 4.1 Spellcasting
 * Level 3.5 Conjurations
 + Level 2.3 Summonings
 - Level 1.0 Translocations


You had 4 spell levels left.
You knew the following spells:

 Your Spells              Type           Power        Failure   Level  Hunger
a - Magic Dart            Conj           ###.         2%          1    None
b - Blink                 Tloc           N/A          12%         2    #......
c - Call Imp              Summ           ##......     7%          2    #......
d - Mephitic Cloud        Conj/Pois/Air  #.......     22%         3    ###....


Dungeon Overview and Level Annotations

Branches:
Dungeon (4/15)
 Temple: D:4-7

Altars:
Vehumet

Annotations:
D:4 Duvessa, Pikel


Innate Abilities, Weirdness & Mutations

You are small and have problems with some larger weapons.
You are carnivorous and can eat meat at any time.


Message History

Pikel is moderately wounded.
The slave closely misses you. The slave hits you.
You hit Pikel.
Pikel looks as sick as possible!
Pikel is heavily wounded.
Pikel hits you but does no damage. The slave hits you but does no damage.
You hit Pikel but do no damage.
Pikel looks as sick as possible!
Pikel is heavily wounded.
The slave hits you.
* * * LOW HITPOINT WARNING * * *
Pikel wonders, "What am I doing in here?"
Pikel misses you.
You strike the helpless Pikel from behind!
You hit Pikel.
Pikel looks as sick as possible!
Pikel is severely wounded.
The slave barely misses you. The slave misses you.
Pikel ponders the situation.
Pikel hits you with a whip of flaming!
You die...

.# # .##.#
####..#.###.
##...#...%...
##............
#.............
#..<..........
#..p..........
##.@..........
##K..##......
##### #.....
..(.. #... ...


You could see Pikel (confused) and a slave.

Vanquished Creatures
  A slave (D:3)
  Dowan (D:4)
  An orc priest (D:3)
  3 adders (D:3)
  2 worms
  2 dart slugs (D:1)
  A leopard gecko (D:3)
  3 orcs (D:3)
  3 bats (D:1)
  4 giant cockroaches
  2 hobgoblins
  4 kobolds
  A quokka (D:2)
  2 frilled lizards
  2 goblins
  A jackal skeleton (D:4)
  5 rats
38 creatures vanquished.

Vanquished Creatures (collateral kills)
  An adder (D:3)
  An orc (D:3)
2 creatures vanquished.

Grand Total: 40 creatures vanquished

Notes
Turn   | Place    | Note
-------+----------+-------------------------------------------
     0 | D:1      | Hasart the Kobold Wizard began the quest for the Orb.
     0 | D:1      | Reached XP level 1. HP: 10/10 MP: 4/4
   436 | D:1      | Reached XP level 2. HP: 15/15 MP: 3/6
   524 | D:1      | Learned a level 2 spell: Blink
   527 | D:1      | Learned a level 2 spell: Call Imp
   959 | D:1      | You fall through a shaft!
   963 | D:2      | Found a radiant altar of Vehumet.
   978 | D:2      | Became a worshipper of Vehumet
  1057 | D:2      | Reached XP level 3. HP: 19/19 MP: 1/8
  1227 | D:2      | Found a faded altar of an unknown god.
  1340 | D:2      | You fall through a shaft!
  1362 | D:3      | Learned a level 3 spell: Mephitic Cloud
  1385 | D:3      | Reached XP level 4. HP: 15/24 MP: 1/9
  2238 | D:4      | Noticed Dowan
  2245 | D:4      | Noticed Duvessa
  2253 | D:4      | Killed Dowan
  2253 | D:4      | Reached skill level 4 in Spellcasting
  2253 | D:4      | Reached XP level 5. HP: 28/28 MP: 3/11
  2413 | D:4      | Noticed a slave
  2414 | D:4      | Noticed a slave
  2435 | D:3      | Killed a slave
  2730 | D:4      | Noticed Pikel
  2735 | D:4      | Noticed a slave
  2785 | D:4      | Noticed a slave
  2809 | D:4      | Slain by Pikel

Vault maps used:
D:1:      elethiomel_arrival_infinity_welcomes_careful_drivers
D:2:      vehumet_crystals, chequers_ecumenical_altar_simple, first_bread,
          st_stairs_6
D:4:      serial_shops, shop, shop, uniq_duvessa, uniq_pikel

Skill      XL: |  1  2  3  4 |
---------------+-------------+-----
Conjurations   | 2 3 |  3.5
Summonings     | 2 |  2.3
Spellcasting   | 4 |  4.1
Dodging        | |  2.4
Stealth        | |  2.6
Translocations | |  1.0

Action                   |  1- 3 |  4- 6 || total
-------------------------+-------+-------++-------
Melee: Short sword       |    35 |    68 ||   103
 Cast: Magic Dart        |    40 |    15 ||    55
       Mephitic Cloud    |     1 |     6 ||     7
       Call Imp          |     1 |     2 ||     3
       Blink             |       |     1 ||     1
 Stab: Sleeping          |     1 |       ||     1
       Confused          |     1 |     2 ||     3
  Eat: Chunk             |    10 |     4 ||    14
Armor: Robe              |     3 |    17 ||    20
Dodge: Dodged            |    37 |    52 ||    89

Table legend:
 A = Spawn XP
 B = Non-spawn XP
 C = Spawn XP percentage of total XP
 D = Spawn monster count
 E = Non-spawn monster count
 F = Spawn count percentage of total count
 G = Total turns spent on level
                    A         B        C        D         E        F      G
               +---------+---------+-------+---------+---------+-------+---------
         Total |       0 |     200 |   0.0 |       0 |      39 |   0.0 |  2809
               +---------+---------+-------+---------+---------+-------+---------
           D:1 |       0 |      19 |   0.0 |       0 |       9 |   0.0 |   959
           D:2 |       0 |      17 |   0.0 |       0 |      10 |   0.0 |   390
           D:3 |       0 |     100 |   0.0 |       0 |      17 |   0.0 |  1322
           D:4 |       0 |      64 |   0.0 |       0 |       3 |   0.0 |   138
               +---------+---------+-------+---------+---------+-------+---------
